 Dungeon Crawl Stone Soup version 0.19.5 (webtiles) character file.

10649 Jerry the Carver (level 11, -19/93 HPs)
             Began as a Demigod Fighter on May 2, 2017.
             Demolished by a red devil
             ... wielding a +3 demon trident of electrocution
             ... summoned by an orc sorcerer
              (20 damage)
             ... on level 12 of the Dungeon.
             The game lasted 00:35:55 (10961 turns).

Jerry the Carver (Demigod Fighter)                 Turns: 10961, Time: 00:35:55

Health: -19/93     AC:  6    Str: 21    XL:     11   Next: 16%
Magic:  14/14      EV: 11    Int: 14    God:
Gold:   406        SH:  0    Dex: 21    Spells: 1 memorised, 9 levels left

rFire  . . .     SeeInvis .     z - +0 scimitar (flame)
rCold  + . .     Gourm    .     g - +0 leather armour {rPois}
rNeg   . . .     Faith    .     (no shield)
rPois  +         Spirit   .     (helmet restricted)
rElec  .         Reflect  .     I - +0 cloak
rCorr  +         Harm     .     (no gloves)
MR     +....                    v - +0 pair of boots
Stlth  +++.......               d - amulet of regeneration
                                a - +2 ring of intelligence
                                L - ring of resist corrosion

@: studying Axes
A: antennae 1, camouflage 1, agile 1, cold resistance 1, high mp 1, sturdy frame
1
a: no special abilities


You were on level 12 of the Dungeon.
You were not hungry.

You visited 1 branch of the dungeon, and saw 10 of its levels.

You collected 406 gold pieces.

Inventory:

Hand Weapons
 y - a +2 falchion of freezing
 z - a +0 scimitar of flaming (weapon)
Armour
 b - a +0 scale mail
 c - a +0 shield
 g - a +0 leather armour of poison resistance (worn)
 v - a +0 pair of boots (worn)
 I - a +0 cloak (worn)
Jewellery
 a - a +2 ring of intelligence (right hand)
 d - an amulet of regeneration (around neck)
 J - a +2 amulet of reflection
 L - a ring of resist corrosion (left hand)
Wands
 x - a wand of iceblast (1/15)
 B - a wand of random effects (25/48)
 K - a wand of teleportation (4/9)
Scrolls
 h - 2 scrolls of teleportation {unknown}
 i - 4 scrolls of identify
 j - 4 scrolls of remove curse {unknown}
 k - a scroll of magic mapping {unknown}
 n - 4 scrolls of amnesia {unknown}
 p - 2 scrolls of enchant armour {unknown}
 s - 3 scrolls of enchant weapon {unknown}
 u - 3 scrolls of recharging {unknown}
 C - a scroll of brand weapon {unknown}
 E - a scroll of immolation {unknown}
 F - a scroll of noise {unknown}
 H - 3 scrolls of blinking {unknown}
Potions
 q - a potion of flight
 t - 7 potions of curing
 A - a potion of ambrosia
Books
 e - a book of Changes

   Spells                             Type                      Level
   a - Beastly Appendage              Transmutation                1
   b - Sticks to Snakes               Transmutation                2
   c - Spider Form                    Transmutation/Poison         3
   d - Ice Form                       Ice/Transmutation            4
   e - Blade Hands                    Transmutation                5
 m - a manual of Axes
Miscellaneous
 r - a phantom mirror
Comestibles
 f - 10 bread rations
 l - 3 beef jerkies
 o - 4 meat rations
 w - a royal jelly
 G - 8 slices of pizza


   Skills:
 + Level 7.7 Fighting
 * Level 13.1 Long Blades
 + Level 7.8 Armour
 - Level 2.6 Shields


You had 9 spell levels left.
You knew the following spells:

 Your Spells              Type           Power        Failure   Level  Hunger
a - Beastly Appendage     Tmut           #.....       30%         1    ##.....


Dungeon Overview and Level Annotations

Branches:
Dungeon (9/15)             Temple (0/1) D:5            Lair (0/6) D:9
    Orc: D:9-12

Shops:
D:5 =*[[

Annotations:
D:9 Alannah's ghost, novice MiBe


Innate Abilities, Weirdness & Mutations

You have an increased reservoir of magic. (+10% MP)
You have a pair of small antennae on your head.
Your skin changes colour to match your surroundings (Stealth+).
You are agile. (Dex +2)
Your flesh is cold resistant. (rC+)
Your movements are slightly less encumbered by armour. (ER -2)


Message History

* * * LOW HITPOINT WARNING * * *
You slash the orc sorcerer! You burn the orc sorcerer.
The orc sorcerer is severely wounded.
The red devil hits you but does no damage.
You barely miss the orc sorcerer.
The orc sorcerer is severely wounded.
The orc sorcerer casts a spell.
The red devil hits you from afar with a demon trident of electrocution.
* * * LOW HITPOINT WARNING * * *
You hit the orc sorcerer but do no damage.
The orc sorcerer is severely wounded.
The deep elf mage shouts!
The orc sorcerer hits you but does no damage.
You miss the orc sorcerer.
The orc sorcerer is severely wounded.
The smoke demon gestures at you. Something smites you!
* * * LOW HITPOINT WARNING * * *
The red devil hits you from afar with a demon trident of electrocution!!
You die...

#### # #
#≈≈# #..#.
+4.#
.e..$4#.)#
#.3o@.#
#..#≈≈#
....⌠####
#####


You could see an ice devil, a deep elf mage, a smoke demon, an orc sorcerer and
a red devil.

Vanquished Creatures
  Erica (D:8)
  The ghost of MenacingMecha the Spear-Bearer, a novice MfSk of Okawaru (D:8)
  Pikel (D:5)
  Joseph (D:7)
  A wyvern (D:8)
  4 hogs (D:7)
  A human (D:7)
  A water moccasin (D:8)
  Duvessa (D:6)
  An orc warrior (D:9)
  A porcupine (D:9)
  Purgy (D:4)
  5 sky beasts
  A phantom (D:6)
  A black bear (D:9)
  A necrophage (D:5)
  2 slaves (D:5)
  4 ogres
  3 centaurs
  A crocodile (D:9)
  A big kobold (D:7)
  6 bullfrogs
  Dowan (D:5)
  2 scorpions
  2 howler monkeys (D:7)
  6 crimson imps
  2 bullfrog zombies (D:7)
  2 centaur zombies
  4 orc priests
  4 hounds
  Natasha (thrice) (D:3)
  An iguana (D:4)
  3 orc wizards
  3 hell rats (D:9)
  7 worker ants
  A hound skeleton (D:5)
  A howler monkey zombie (D:6)
  Robin (D:3)
  A howler monkey skeleton (D:8)
  2 gnolls
  7 adders
  A river rat (D:9)
  3 shadow imps
  An ooze (D:5)
  An adder zombie (D:6)
  2 adder skeletons
  2 worms
  2 dart slugs
  5 leopard geckos
  28 orcs
  5 giant cockroaches
  22 goblins
  9 hobgoblins
  4 jackals (D:7)
  14 kobolds
  7 quokkas
  A ball python (D:1)
  A ball python zombie (D:5)
  8 bats
  3 frilled lizards
  A giant cockroach zombie (D:3)
  A jackal skeleton (D:7)
  A quokka zombie (D:5)
  8 rats
  A fungus (D:5)
224 creatures vanquished.

Vanquished Creatures (others)
  A slave (D:5)
  4 gnolls (D:5)
  8 fungi (D:5)
13 creatures vanquished.

Grand Total: 237 creatures vanquished

Notes
Turn   | Place    | Note
-------+----------+-------------------------------------------
     0 | D:1      | Jerry the Demigod Fighter began the quest for the Orb.
     0 | D:1      | Reached XP level 1. HP: 18/18 MP: 3/3
   211 | D:1      | Reached skill level 2 in Long Blades
   211 | D:1      | Reached XP level 2. HP: 4/25 MP: 4/4
  1272 | D:2      | Found a shadowy altar of Dithmenos.
  1343 | D:2      | Reached XP level 3. HP: 31/31 MP: 5/5
  2124 | D:3      | Noticed Natasha
  2133 | D:3      | Killed Natasha
  2133 | D:3      | Reached skill level 3 in Long Blades
  2133 | D:3      | Reached XP level 4. HP: 15/38 MP: 6/6
  2409 | D:3      | Noticed Natasha
  2421 | D:3      | Killed Natasha
  2542 | D:3      | Noticed Robin
  2560 | D:3      | Killed Robin
  2689 | D:2      | Noticed a phantom
  2950 | D:3      | Reached XP level 5. HP: 45/45 MP: 7/7
  3024 | D:3      | Reached skill level 4 in Long Blades
  3026 | D:3      | Found a basalt altar of Yredelemnul.
  3278 | D:3      | Found a faded altar of an unknown god.
  3307 | D:3      | Noticed Natasha
  3317 | D:3      | Killed Natasha
  3317 | D:3      | Reached XP level 6. HP: 51/52 MP: 8/8
  3489 | D:4      | Noticed Purgy
  3508 | D:4      | Killed Purgy
  4003 | D:4      | Reached skill level 5 in Long Blades
  4922 | D:5      | Entered Level 5 of the Dungeon
  4981 | D:5      | Reached XP level 7. HP: 19/60 MP: 9/9
  4986 | D:5      | Gained mutation: Your body sometimes deteriorates upon taking damage. [mutagenic meat]
  4987 | D:5      | Gained mutation: You are partially covered in yellow scales. (AC +2) [mutagenic meat]
  4988 | D:5      | Gained mutation: You have a pair of small antennae on your head. [mutagenic meat]
  4989 | D:5      | Gained mutation: Your movements are slightly less encumbered by armour. (ER -2) [mutagenic meat]
  5200 | D:5      | Found Xawyklug's General Store.
  5294 | D:5      | Found a blossoming altar of Fedhas.
  5468 | D:5      | Reached skill level 6 in Long Blades
  5468 | D:5      | Reached skill level 5 in Armour
  5509 | D:5      | Noticed Pikel
  5562 | D:5      | Reached skill level 5 in Fighting
  5683 | D:5      | Killed Pikel
  5683 | D:5      | Reached skill level 7 in Long Blades
  5683 | D:5      | Reached XP level 8. HP: 69/69 MP: 10/10
  5817 | D:5      | Found Rotaw's Antique Armour Boutique.
  5818 | D:5      | Found a staircase to the Ecumenical Temple.
  5859 | D:5      | Found Vamnosiu's Antique Armour Emporium.
  6112 | D:5      | Found Syokor Gusi's Jewellery Shoppe.
  6377 | D:6      | Noticed Dowan
  6379 | D:6      | Noticed Duvessa
  6636 | D:6      | Killed Duvessa
  6647 | D:5      | Killed Dowan
  7187 | D:5      | Reached skill level 8 in Long Blades
  7193 | D:5      | Gained mutation: Your natural rate of healing is unusually fast. [mutagenic meat]
  7380 | D:6      | Reached XP level 9. HP: 60/75 MP: 11/11
  7385 | D:6      | Gained mutation: You are agile. (Dex +2) [mutagenic meat]
  7387 | D:6      | Gained mutation: Your body often deteriorates upon taking damage. [mutagenic meat]
  7388 | D:6      | Gained mutation: Your flesh is cold resistant. (rC+) [mutagenic meat]
  7389 | D:6      | Gained mutation: You are very agile. (Dex +4) [mutagenic meat]
  7981 | D:7      | Reached skill level 9 in Long Blades
  8167 | D:7      | Found a shimmering altar of Xom.
  8178 | D:7      | Found a shimmering altar of Xom.
  8180 | D:7      | Found a shimmering altar of Xom.
  8180 | D:7      | Found a shimmering altar of Xom.
  8180 | D:7      | Found a shimmering altar of Xom.
  8180 | D:7      | Found a shimmering altar of Xom.
  8231 | D:7      | Found a shimmering altar of Xom.
  8239 | D:7      | Noticed Joseph
  8257 | D:7      | Killed Joseph
  8351 | D:6      | Lost mutation: Your body often deteriorates upon taking damage. [mutagenic meat]
  8352 | D:6      | Gained mutation: You have a pair of antennae on your head. [mutagenic meat]
  8353 | D:6      | Gained mutation: Your skin changes colour to match your surroundings (Stealth+). [mutagenic meat]
  8354 | D:6      | Lost mutation: Your natural rate of healing is unusually fast. [mutagenic meat]
  8355 | D:6      | Gained mutation: You occasionally shout uncontrollably at your foes. [mutagenic meat]
  8355 | D:6      | Lost mutation: Your body sometimes deteriorates upon taking damage. [potion of cure mutation]
  8355 | D:6      | Lost mutation: You are partially covered in yellow scales. (AC +2) [potion of cure mutation]
  8355 | D:6      | Lost mutation: You have a pair of antennae on your head. [potion of cure mutation]
  8355 | D:6      | Lost mutation: You are very agile. (Dex +4) [potion of cure mutation]
  8355 | D:6      | Lost mutation: You occasionally shout uncontrollably at your foes. [potion of cure mutation]
  8689 | D:7      | Found a sacrificial altar of Ru.
  9046 | D:7      | Reached skill level 12 in Long Blades
  9046 | D:7      | Reached XP level 10. HP: 86/86 MP: 13/13
  9191 | D:8      | Noticed Erica
  9203 | D:8      | Killed Erica
  9375 | D:8      | Noticed MenacingMecha's ghost (novice MfSk)
  9391 | D:8      | Killed MenacingMecha's ghost
  9391 | D:8      | Reached XP level 11. HP: 92/92 MP: 14/14
  9628 | D:8      | Reached skill level 13 in Long Blades
  9816 | D:8      | Learned a level 1 spell: Beastly Appendage
 10309 | D:9      | Found a faded altar of an unknown god.
 10309 | D:9      | Found a faded altar of an unknown god.
 10314 | D:9      | Found a hazy altar of Hepliaklqana.
 10317 | D:9      | Found a faded altar of an unknown god.
 10318 | D:9      | Found a faded altar of an unknown god.
 10366 | D:9      | Noticed Alannah's ghost (novice MiBe)
 10811 | D:9      | Found a staircase to the Lair.
 10935 | D:9      | You fall through a shaft for 3 floors!
 10949 | D:12     | Noticed a deep elf mage
 10961 | D:12     | HP: 1/93 [smoke demon/divine providence[an orc sorcerer] (16)]
 10961 | D:12     | Demolished by a red devil

Skill      XL: |  1  2  3  4  5  6  7  8  9 10 11 |
---------------+----------------------------------+-----
Long Blades    | 2 3 4 5 7 8 12 13 | 13.1
Armour         | 3 4 5 6 7 |  7.8
Fighting       | 3 4 5 6 7 |  7.7
Shields        | |  2.6

Action                   |  1- 3 |  4- 6 |  7- 9 | 10-12 || total
-------------------------+-------+-------+-------+-------++-------
Melee: Long sword        |   131 |    54 |       |       ||   185
       Falchion          |       |   121 |   437 |    72 ||   630
       Scimitar          |       |       |       |    77 ||    77
  Use: Potion            |       |     1 |     3 |     2 ||     6
       Scroll            |       |     4 |     4 |     2 ||    10
 Stab: Sleeping          |       |     1 |     3 |     3 ||     7
       Distracted        |       |     1 |       |     1 ||     2
  Eat: Chunk             |     4 |     7 |    29 |     7 ||    47
       Pizza             |       |     1 |       |       ||     1
Armor: Scale mail        |    70 |       |       |       ||    70
       Leather armour    |     7 |    46 |   116 |    19 ||   188
       Skin              |       |       |    17 |    13 ||    30
Dodge: Dodged            |    69 |   104 |   175 |    38 ||   386
Block: Other             |       |       |     1 |     1 ||     2
       Reflection        |       |       |       |     1 ||     1
       Rpst.: Long sword |    24 |    14 |       |       ||    38
       Falchion          |       |    16 |    49 |     5 ||    70
       Scimitar          |       |       |       |     6 ||     6
